TOP OF THE 1ST |
Princeton Rays batting - Pitching for Elizabethton Twins : RHP Bud Puffer
|
Pitching: RHP Bud Puffer
|
|
Batting: RHB Chris Thorson
|
0-0: Ball 1-0: Swinging Strike 1-1: Ball 2-1: Foul Ball, location: 2F 2-2: Ball 3-2: SOLO HOME RUN (Flyball, 89XD, EV 102.5 MPH), Distance : 398 ft
|
Batting: RHB Dan Marks
|
0-0: Called Strike 0-1: Ball 1-1: Foul Ball, location: 2F 1-2: Reached on error, E6 (Groundball, 6, EV 84.4 MPH)
|
Batting: LHB Rocky Crowley
|
0-0: Called Strike 0-1: Ball 1-1: Ball 2-1: Foul Ball, location: 2F 2-2: Ball 3-2: 2-RUN HOME RUN (Flyball, 9D, EV 96.9 MPH), Distance : 380 ft
|
Batting: RHB Wil Urban
|
0-0: Swinging Strike 0-1: Ball 1-1: Called Strike 1-2: Ball 2-2: SOLO HOME RUN (Flyball, 78XD, EV 108.8 MPH), Distance : 431 ft
|
Pitching: RHP Andrew Rich
|
|
Batting: LHB Josh Redfern
|
0-0: Foul Ball, location: 2F 0-1: Foul Ball, location: 2F 0-2: Fly out, F9 (Flyball, 89M, EV 88.1 MPH)
|
Batting: SHB Lou Kroneman
|
0-0: Ball 1-0: Foul Ball, location: 2F 1-1: Swinging Strike 1-2: SINGLE (Line Drive, 6M, EV 94.4 MPH)
|
Batting: SHB Wayne Hattan
|
0-0: Ball 1-0: Called Strike 1-1: Foul Ball, location: 2F 1-2: 2-RUN HOME RUN (Flyball, 7D, EV 98.1 MPH), Distance : 362 ft
|
Batting: RHB Jim Erdody
|
0-0: Ball 1-0: Called Strike 1-1: Foul Ball, location: 2F 1-2: Ball 2-2: Ball 3-2: Base on Balls
|
Batting: RHB Bazyli Andrysiak
|
0-0: Ball 1-0: Called Strike 1-1: Foul Ball, location: 2F 1-2: Ball 2-2: Ball 3-2: Base on Balls Jim Erdody to second
|
Pitching: RHP Jon Hice
|
|
Batting: RHB Chris Thorson
|
0-0: Ball 1-0: Grounds into double play, 6-4-3 (Groundball, 56, EV 102.5 MPH)
|
Top of the 1st over - 6 runs, 5 hits, 1 error, 1 left on base; Princeton 6 - Elizabethton 0 |
BOTTOM OF THE 1ST |
Elizabethton Twins batting - Pitching for Princeton Rays : LHP Chris Bates
|
Pitching: LHP Chris Bates
|
|
Batting: RHB Nick Phipps
|
0-0: SINGLE (Line Drive, 7S, EV 105.6 MPH)
|
Batting: LHB David Campbell
|
0-0: Called Strike 0-1: Ball 1-1: Called Strike 1-2: Strikes out looking
|
Batting: RHB Jose Gracia
|
0-0: Called Strike Nick Phipps steals 2nd base (no throw) 0-1: Ball 1-1: Ball 2-1: Foul Ball, location: 2F 2-2: Ground out 1-3 (Groundball, 34S, EV 60.6 MPH) Nick Phipps to third
|
Batting: SHB Chris Hull
|
0-0: Swinging Strike 0-1: Ball Steal of home, Nick Phipps is safe 1-1: Foul Ball, location: 2F 1-2: Ball 2-2: Foul Ball, location: 2F 2-2: Foul Ball, location: 2F 2-2: Ball 3-2: Ground out 6-3 (Groundball, 6, EV 100.0 MPH)
|
Bottom of the 1st over - 1 run, 1 hit, 0 errors, 0 left on base; Princeton 6 - Elizabethton 1 |
TOP OF THE 2ND |
Princeton Rays batting - Pitching for Elizabethton Twins : RHP Jon Hice
|
Batting: RHB Dan Marks
|
0-0: Called Strike 0-1: Ball 1-1: Foul Ball, location: 2F 1-2: Foul Ball, location: 2F 1-2: SOLO HOME RUN (Flyball, 9D, EV 95.6 MPH), Distance : 377 ft
|
Batting: LHB Rocky Crowley
|
0-0: Ball 1-0: Foul Ball, location: 2F 1-1: Foul Ball, location: 2F 1-2: Ball 2-2: Fly out, F9 (Flyball, 9D, EV 86.9 MPH)
|
Batting: RHB Wil Urban
|
0-0: Foul Ball, location: 2F 0-1: Ball 1-1: Ball 2-1: Ball 3-1: Foul Ball, location: 2F 3-2: Base on Balls
|
Batting: LHB Josh Redfern
|
0-0: Ball 1-0: Called Strike 1-1: Ball 2-1: SINGLE (Line Drive, 56D, EV 100.6 MPH) Wil Urban to second
|
Batting: SHB Lou Kroneman
|
0-0: Ball Wild Pitch! Wil Urban to third Josh Redfern to second 1-0: Swinging Strike 1-1: Ball 2-1: Called Strike 2-2: Ball 3-2: Foul Ball, location: 2F 3-2: SINGLE (Line Drive, 4D, EV 96.3 MPH) Wil Urban scores Josh Redfern to third
|
Batting: SHB Wayne Hattan
|
0-0: Ball 1-0: Ball 2-0: Ball 3-0: Base on Balls Lou Kroneman to second
|
Batting: RHB Jim Erdody
|
0-0: Ball 1-0: SINGLE (Groundball, 56, EV 99.4 MPH) (infield hit) Josh Redfern scores Lou Kroneman to third Wayne Hattan to second
|
Batting: RHB Bazyli Andrysiak
|
0-0: Called Strike 0-1: Swinging Strike 0-2: Ball 1-2: Fly out, F8 (Line Drive, 8RD, EV 89.4 MPH) Runner from 3rd tags up, SCORES, throw by CF
|
Batting: RHB Chris Thorson
|
0-0: Fly out, F8 (Flyball, 8RXD, EV 91.3 MPH)
|
Top of the 2nd over - 4 runs, 4 hits, 0 errors, 2 left on base; Princeton 10 - Elizabethton 1 |
BOTTOM OF THE 2ND |
Elizabethton Twins batting - Pitching for Princeton Rays : LHP Chris Bates
|
Batting: RHB Jimmy Mayville
|
0-0: Called Strike 0-1: Foul Ball, location: 2F 0-2: Strikes out swinging
|
Batting: RHB Alex Belton
|
0-0: Ball 1-0: SINGLE (Groundball, 6D, EV 98.8 MPH)
|
Batting: LHB Diego Gutierres
|
0-0: Ball 1-0: Foul Ball, location: 2F 1-1: Called Strike 1-2: Strikes out swinging
|
Batting: LHB Jose Cotto
|
0-0: Ball 1-0: Ball Alex Belton steals 2nd base (no throw) 2-0: Called Strike 2-1: Called Strike 2-2: Fly out, F3 (Flyball, 34D, EV 93.1 MPH)
|
Bottom of the 2nd over - 0 runs, 1 hit, 0 errors, 1 left on base; Princeton 10 - Elizabethton 1 |
TOP OF THE 3RD |
Princeton Rays batting - Pitching for Elizabethton Twins : RHP Jon Hice
|
Batting: RHB Dan Marks
|
0-0: SINGLE (Groundball, 6MD, EV 99.4 MPH)
|
Batting: LHB Rocky Crowley
|
0-0: Ball 1-0: Swinging Strike 1-1: Ball 2-1: Ball 3-1: Base on Balls Dan Marks to second
|
Batting: RHB Wil Urban
|
0-0: Ball 1-0: Foul Ball, location: 2F 1-1: Ball 2-1: Ball 3-1: Base on Balls Dan Marks to third Rocky Crowley to second
|
Batting: LHB Josh Redfern
|
0-0: Ball 1-0: Called Strike 1-1: Ball 2-1: Called Strike 2-2: Fly out, F8 (Flyball, 8LD, EV 100.0 MPH) Runner from 3rd tags up, SCORES, throw by CF Rocky Crowley to third
|
Pitching: RHP Jorge Corte
|
|
Batting: SHB Lou Kroneman
|
0-0: Fly out, F7 (Flyball, 7, EV 90.6 MPH)
|
Batting: SHB Wayne Hattan
|
0-0: Fly out, F2 (Popup, 15S, EV 86.3 MPH)
|
Top of the 3rd over - 1 run, 1 hit, 0 errors, 2 left on base; Princeton 11 - Elizabethton 1 |
BOTTOM OF THE 3RD |
Elizabethton Twins batting - Pitching for Princeton Rays : LHP Chris Bates
|
Batting: SHB Nate Januchowski
|
0-0: Foul Ball, location: 2F 0-1: Swinging Strike 0-2: Strikes out swinging
|
Batting: RHB Nick Phipps
|
0-0: Ball 1-0: Foul Ball, location: 2F 1-1: Swinging Strike 1-2: Ball 2-2: Strikes out swinging
|
Batting: LHB David Campbell
|
0-0: Called Strike 0-1: Called Strike 0-2: Ball 1-2: Ball 2-2: Ball 3-2: Base on Balls
|
Batting: RHB Jose Gracia
|
0-0: Called Strike 0-1: Called Strike 0-2: Foul Ball, location: 2F 0-2: Strikes out swinging
|
Bottom of the 3rd over - 0 runs, 0 hits, 0 errors, 1 left on base; Princeton 11 - Elizabethton 1 |
TOP OF THE 4TH |
Princeton Rays batting - Pitching for Elizabethton Twins : RHP Jorge Corte
|
Batting: RHB Jim Erdody
|
0-0: Foul Ball, location: 2F 0-1: Ball 1-1: Ball 2-1: Foul Ball, location: 2F 2-2: Strikes out swinging
|
Batting: RHB Bazyli Andrysiak
|
0-0: Ball 1-0: Called Strike 1-1: Foul Ball, location: 2F 1-2: Fly out, F4 (Popup, 34S, EV 79.4 MPH)
|
Batting: RHB Chris Thorson
|
0-0: Ground out 1-3 (Groundball, 34S, EV 65.6 MPH)
|
Top of the 4th over - 0 runs, 0 hits, 0 errors, 0 left on base; Princeton 11 - Elizabethton 1 |
BOTTOM OF THE 4TH |
Elizabethton Twins batting - Pitching for Princeton Rays : LHP Chris Bates
|
Batting: SHB Chris Hull
|
0-0: Ball 1-0: Foul Ball, location: 2F 1-1: Foul Ball, location: 2F 1-2: Ball 2-2: Ball 3-2: DOUBLE (Flyball, 8LXD, EV 93.1 MPH)
|
Batting: RHB Jimmy Mayville
|
0-0: Called Strike 0-1: DOUBLE (Flyball, 8RXD, EV 103.8 MPH) Chris Hull scores
|
Batting: RHB Alex Belton
|
0-0: Ball 1-0: Ball 2-0: Called Strike 2-1: Swinging Strike 2-2: Strikes out swinging
|
Batting: LHB Diego Gutierres
|
0-0: Ball 1-0: DOUBLE (Groundball, 3L, EV 108.8 MPH) Jimmy Mayville scores
|
Batting: LHB Jose Cotto
|
0-0: Ground out 4-3 (Groundball, 4M, EV 87.5 MPH) Diego Gutierres to third
|
Batting: SHB Nate Januchowski
|
0-0: Ball 1-0: Called Strike 1-1: Ball 2-1: Foul Ball, location: 2F 2-2: Ball 3-2: Foul Ball, location: 2F 3-2: Base on Balls
|
Batting: RHB Nick Phipps
|
0-0: SINGLE (Groundball, 6MD, EV 100.0 MPH) Diego Gutierres scores Nate Januchowski to second
|
Batting: LHB David Campbell
|
0-0: Called Strike 0-1: Foul Ball, location: 2F 0-2: Foul Ball, location: 2F 0-2: Fielders Choice at 2nd, U6 (Groundball, 6M, EV 106.9 MPH)
|
Bottom of the 4th over - 3 runs, 4 hits, 0 errors, 2 left on base; Princeton 11 - Elizabethton 4 |
TOP OF THE 5TH |
Princeton Rays batting - Pitching for Elizabethton Twins : RHP Jorge Corte
|
Batting: RHB Dan Marks
|
0-0: Ball 1-0: Called Strike 1-1: Ball 2-1: TRIPLE (Line Drive, 8RXD, EV 103.1 MPH)
|
Batting: LHB Rocky Crowley
|
0-0: Ball 1-0: Called Strike 1-1: Ball 2-1: Foul Ball, location: 2F 2-2: Ball 3-2: Fly out, F7 (Flyball, 7S, EV 88.8 MPH)
|
Batting: RHB Wil Urban
|
0-0: Called Strike 0-1: Ball 1-1: DOUBLE (Line Drive, 78D, EV 98.8 MPH) Dan Marks scores
|
Batting: LHB Josh Redfern
|
0-0: Ball 1-0: Foul Ball, location: 2F 1-1: Hit by Pitch
|
Batting: SHB Lou Kroneman
|
0-0: Ball 1-0: Ball 2-0: Called Strike 2-1: Swinging Strike 2-2: Foul Ball, location: 2F 2-2: Strikes out swinging
|
Batting: SHB Wayne Hattan
|
0-0: Ball Wild Pitch! Wil Urban to third Josh Redfern to second 1-0: Ball 2-0: SINGLE (Groundball, 4MD, EV 95.6 MPH) Wil Urban scores Josh Redfern to third Runner from 3rd tries for Home, SAFE, throw by CF to home
|
Batting: RHB Jim Erdody
|
0-0: Ball Wild Pitch! Wayne Hattan to second 1-0: Called Strike 1-1: Swinging Strike 1-2: Strikes out swinging
|
Top of the 5th over - 3 runs, 3 hits, 0 errors, 1 left on base; Princeton 14 - Elizabethton 4 |
BOTTOM OF THE 5TH |
Elizabethton Twins batting - Pitching for Princeton Rays : LHP Chris Bates
|
Batting: RHB Jose Gracia
|
0-0: Ball 1-0: Foul Ball, location: 2F 1-1: Foul Ball, location: 2F 1-2: Strikes out swinging
|
Batting: SHB Chris Hull
|
0-0: Called Strike 0-1: Fly out, F7 (Line Drive, 78S, EV 91.9 MPH)
|
Batting: RHB Jimmy Mayville
|
0-0: Ball 1-0: Foul Ball, location: 2F 1-1: Ball 2-1: Swinging Strike 2-2: Foul Ball, location: 2F 2-2: Ball 3-2: Strikes out looking
|
Bottom of the 5th over - 0 runs, 0 hits, 0 errors, 0 left on base; Princeton 14 - Elizabethton 4 |
TOP OF THE 6TH |
Princeton Rays batting - Pitching for Elizabethton Twins : RHP Jorge Corte
|
Pitching: RHP Ewan Wijker
|
|
Batting: RHB Bazyli Andrysiak
|
0-0: Ball 1-0: Ball 2-0: Ball 3-0: Base on Balls
|
Batting: RHB Chris Thorson
|
0-0: Ball 1-0: Foul Ball, location: 2F 1-1: Fielders Choice at 2nd, 6-4 (Groundball, 6, EV 84.4 MPH)
|
Batting: RHB Dan Marks
|
0-0: Reached on error, E3 (Groundball, 13, EV 80.6 MPH) Chris Thorson to second
|
Batting: LHB Rocky Crowley
|
0-0: Ball 1-0: Called Strike 1-1: Foul Ball, location: 2F 1-2: Fly out, F7 (Line Drive, 7D, EV 93.8 MPH)
|
Batting: RHB Wil Urban
|
Balk! Chris Thorson to third Dan Marks to second 0-0: Called Strike 0-1: Ball 1-1: Ball 2-1: Foul Ball, location: 2F 2-2: Ball 3-2: Foul Ball, location: 2F 3-2: Foul Ball, location: 2F 3-2: Base on Balls
|
Batting: LHB Josh Redfern
|
0-0: Ball 1-0: Called Strike 1-1: Swinging Strike 1-2: Ball 2-2: Ground out 5-3 (Groundball, 56S, EV 78.8 MPH)
|
Top of the 6th over - 0 runs, 0 hits, 1 error, 3 left on base; Princeton 14 - Elizabethton 4 |
BOTTOM OF THE 6TH |
Elizabethton Twins batting - Pitching for Princeton Rays : LHP Chris Bates
|
Batting: RHB Alex Belton
|
0-0: Called Strike 0-1: Fly out, F7 (Flyball, 78S, EV 85.6 MPH)
|
Batting: LHB Diego Gutierres
|
0-0: Foul Ball, location: 2F 0-1: Ball 1-1: Called Strike 1-2: Ball 2-2: Strikes out swinging
|
Batting: LHB Jose Cotto
|
0-0: Ball 1-0: Swinging Strike 1-1: Foul Ball, location: 2F 1-2: Strikes out swinging
|
Bottom of the 6th over - 0 runs, 0 hits, 0 errors, 0 left on base; Princeton 14 - Elizabethton 4 |
TOP OF THE 7TH |
Princeton Rays batting - Pitching for Elizabethton Twins : RHP Ewan Wijker
|
Batting: SHB Lou Kroneman
|
0-0: Called Strike 0-1: Ball 1-1: Foul Ball, location: 2F 1-2: Ball 2-2: Ground out U3 (Groundball, 3, EV 79.4 MPH)
|
Batting: SHB Wayne Hattan
|
0-0: Foul Ball, location: 2F 0-1: Ground out 4-3 (Groundball, 4, EV 85.0 MPH)
|
Batting: RHB Jim Erdody
|
0-0: Called Strike 0-1: Ball 1-1: Foul Ball, location: 2F 1-2: Ground out U3 (Groundball, 3, EV 84.4 MPH)
|
Top of the 7th over - 0 runs, 0 hits, 0 errors, 0 left on base; Princeton 14 - Elizabethton 4 |
BOTTOM OF THE 7TH |
Elizabethton Twins batting - Pitching for Princeton Rays : LHP Chris Bates
|
Pitching: RHP Tim Inman
|
|
Batting: SHB Nate Januchowski
|
0-0: Ball 1-0: Ball 2-0: Called Strike 2-1: Foul Ball, location: 2F 2-2: Ground out 6-3 (Groundball, 56, EV 103.8 MPH)
|
Pinch Hitting: RHB Aaron Dusch
|
0-0: Called Strike 0-1: Foul Ball, location: 2F 0-2: Strikes out swinging
|
Batting: LHB David Campbell
|
0-0: Ball 1-0: Foul Ball, location: 2F 1-1: Called Strike 1-2: Ball 2-2: Foul Ball, location: 2F 2-2: Foul Ball, location: 2F 2-2: Strikes out swinging
|
Bottom of the 7th over - 0 runs, 0 hits, 0 errors, 0 left on base; Princeton 14 - Elizabethton 4 |
TOP OF THE 8TH |
Princeton Rays batting - Pitching for Elizabethton Twins : RHP Ewan Wijker
|
Now in CF: Aaron Dusch
|
|
Batting: RHB Bazyli Andrysiak
|
0-0: Foul Ball, location: 2F 0-1: Foul Ball, location: 2F 0-2: Foul Ball, location: 2F 0-2: Foul Ball, location: 2F 0-2: Ball 1-2: Foul Ball, location: 2F 1-2: Ball 2-2: Ball 3-2: Foul Ball, location: 2F 3-2: Base on Balls
|
Pitching: RHP John Giffin
|
|
Batting: RHB Chris Thorson
|
0-0: DOUBLE (Line Drive, 7LD, EV 100.6 MPH) Bazyli Andrysiak to third
|
Batting: RHB Dan Marks
|
0-0: Foul Ball, location: 2F 0-1: Foul Ball, location: 2F 0-2: Ball 1-2: DOUBLE (Flyball, 89D, EV 95.0 MPH) Bazyli Andrysiak scores Chris Thorson scores
|
Batting: LHB Rocky Crowley
|
0-0: Called Strike 0-1: Ball 1-1: SINGLE (Line Drive, 9S, EV 97.5 MPH) Dan Marks to third
|
Batting: RHB Wil Urban
|
0-0: Foul Ball, location: 2F 0-1: Fly out, F7 (Flyball, 7, EV 74.4 MPH) Runner from 3rd tags up, OUT at HOME! 7-2 Rocky Crowley to second
|
Batting: LHB Josh Redfern
|
0-0: Ball 1-0: Ball Passed Ball! Rocky Crowley to third 2-0: Ball 3-0: Called Strike 3-1: Base on Balls
|
Batting: SHB Lou Kroneman
|
0-0: DOUBLE (Line Drive, 9LM, EV 100.0 MPH) Rocky Crowley scores Josh Redfern to third Runner from 3rd tries for Home, SAFE, no throw by RF
|
Batting: SHB Wayne Hattan
|
0-0: Ball 1-0: Ball 2-0: Ball 3-0: Called Strike 3-1: Foul Ball, location: 2F 3-2: Base on Balls
|
Batting: RHB Jim Erdody
|
0-0: Ball 1-0: Fly out, F8 (Line Drive, 8RD, EV 100.0 MPH)
|
Top of the 8th over - 4 runs, 4 hits, 0 errors, 2 left on base; Princeton 18 - Elizabethton 4 |
BOTTOM OF THE 8TH |
Elizabethton Twins batting - Pitching for Princeton Rays : RHP Tim Inman
|
Pinch Hitting: RHB Matthew Dodson
|
0-0: Ball 1-0: Ball 2-0: Swinging Strike 2-1: Ball 3-1: Swinging Strike 3-2: Base on Balls
|
Batting: SHB Chris Hull
|
0-0: Called Strike 0-1: Ball 1-1: Ball 2-1: Foul Ball, location: 2F 2-2: Foul Ball, location: 2F 2-2: Fielders Choice at 2nd, 4-6 (Groundball, 4, EV 86.3 MPH)
|
Batting: RHB Jimmy Mayville
|
0-0: Called Strike 0-1: Ball 1-1: Ball 2-1: Foul Ball, location: 2F 2-2: Ball 3-2: Foul Ball, location: 2F 3-2: Fielders Choice at 2nd, 1-6 (Groundball, 34S, EV 77.5 MPH)
|
Pinch Hitting: RHB Rick Kendall
|
0-0: Foul Ball, location: 2F 0-1: Ball 1-1: Ball 2-1: Ball 3-1: Base on Balls Jimmy Mayville to second
|
Batting: LHB Diego Gutierres
|
0-0: Called Strike 0-1: Foul Ball, location: 2F 0-2: Foul Ball, location: 2F 0-2: Ball 1-2: Ball 2-2: Ball 3-2: Foul Ball, location: 2F 3-2: Fly out, F4 (Flyball, 34D, EV 77.5 MPH)
|
Bottom of the 8th over - 0 runs, 0 hits, 0 errors, 2 left on base; Princeton 18 - Elizabethton 4 |
TOP OF THE 9TH |
Princeton Rays batting - Pitching for Elizabethton Twins : RHP John Giffin
|
Now at 2B: Rick Kendall
|
|
Now at SS: Matthew Dodson
|
|
Batting: RHB Bazyli Andrysiak
|
0-0: Called Strike 0-1: Fly out, F8 (Flyball, 8RXD, EV 99.4 MPH)
|
Batting: RHB Chris Thorson
|
0-0: Ball 1-0: Foul Ball, location: 2F 1-1: Ball 2-1: SINGLE (Line Drive, 7LS, EV 112.5 MPH)
|
Batting: RHB Dan Marks
|
0-0: Called Strike 0-1: Ball 1-1: Ball 2-1: Ball 3-1: Foul Ball, location: 2F 3-2: Base on Balls Chris Thorson to second
|
Batting: LHB Rocky Crowley
|
0-0: Called Strike 0-1: Foul Ball, location: 2F 0-2: Foul Ball, location: 2F 0-2: Strikes out swinging
|
Batting: RHB Wil Urban
|
0-0: Called Strike 0-1: Ball 1-1: Ball 2-1: Ball 3-1: Foul Ball, location: 2F 3-2: Strikes out looking
|
Top of the 9th over - 0 runs, 1 hit, 0 errors, 2 left on base; Princeton 18 - Elizabethton 4 |
BOTTOM OF THE 9TH |
Elizabethton Twins batting - Pitching for Princeton Rays : RHP Tim Inman
|
Pitching: RHP Cody Wilharm
|
|
Batting: LHB Jose Cotto
|
0-0: Called Strike 0-1: Foul Ball, location: 2F 0-2: Ball 1-2: Ball 2-2: Ball 3-2: Foul Ball, location: 2F 3-2: Strikes out looking
|
Pinch Hitting: RHB Miguel Castella
|
0-0: Foul Ball, location: 2F 0-1: DOUBLE (Line Drive, 89XD, EV 101.9 MPH)
|
Pinch Hitting: LHB Jiong Shui
|
0-0: Fly out, F8 (Flyball, 8RD, EV 85.0 MPH)
|
Batting: LHB David Campbell
|
0-0: Called Strike 0-1: Ground out U3 (Groundball, 3S, EV 87.5 MPH)
|
Bottom of the 9th over - 0 runs, 1 hit, 0 errors, 1 left on base; Princeton 18 - Elizabethton 4 |
|